 Dungeon Crawl Stone Soup version 0.27-a0-1202-ge72e49191c (webtiles) character file.

Game seed: 16191871249876736086

136 27snakeeyes612 the Skirmisher (level 5, 0/49 HPs)
             Began as a Naga Fighter on June 4, 2021.
             Succumbed to a scorpion's poison
             ... on level 3 of the Dungeon.
             The game lasted 00:02:09 (2670 turns).

27snakeeyes612 the Skirmisher (Naga Fighter)        Turns: 2670, Time: 00:02:10

Health: 0/49       AC:  7    Str: 19    XL:     5   Next: 19%
Magic:  5/5        EV:  3    Int:  9    God:
Gold:   108        SH:  9    Dex: 10    Spells: 4/4 levels left

rFire    . . .     SeeInvis +   a - +0 war axe
rCold    . . .     Faith    .   c - +0 kite shield
rNeg     . . .     Spirit   .   e - +0 chain mail
rPois    +         Reflect  .   (no helmet)
rElec    .         Harm     .   i - +0 cloak
rCorr    .         Rampage  .   (no gloves)
Will     .....                  (no barding)
Stlth    ..........             (no amulet)
HPRegen  0.16/turn              (no ring)
MPRegen  0.09/turn              (no ring)

@: lethally poisoned (0 -> -4), very slow
A: AC +1, large, see invisible, deformed body, poison resistance, slowness 2,
spit poison 1, naga tail 1
a: Spit Poison


You were on level 3 of the Dungeon.
You visited 1 branch of the dungeon, and saw 3 of its levels.

You collected 108 gold pieces.

Inventory:

Hand Weapons
 a - a +0 war axe (weapon)
Armour
 b - a +0 scale mail
 c - a +0 kite shield (worn)
 e - a +0 chain mail (worn)
 i - a +0 cloak (worn)
Jewellery
 h - an amulet of reflection
 s - a ring of protection from cold
Scrolls
 f - 2 scrolls of fog {unknown}
 j - a scroll of vulnerability {unknown}
 k - a scroll of silence {unknown}
 l - a scroll of brand weapon {unknown}
 o - a scroll of teleportation {unknown}
 q - a scroll of magic mapping {unknown}
 r - a scroll of enchant armour {unknown}
 t - a scroll of torment {unknown}
 u - a scroll of identify {unknown}
Potions
 d - 2 potions of might
 m - a potion of ambrosia


   Skills:
 + Level 3.5 Fighting
 + Level 3.5 Axes
 + Level 3.1 Armour
 + Level 0.1 Dodging
 + Level 1.0 Stealth
 + Level 2.9 Shields


You had 4 spell levels left.
You didn't know any spells.
Your spell library contained the following spells:

 Spells                   Type           Power      Damage    Failure   Level
 Freeze                   Ice            0%         1d3       100%        1
 Summon Small Mammal      Summ           0%         N/A       100%        1
 Call Imp                 Summ           0%         N/A       100%        2
 Call Canine Familiar     Summ           0%         N/A       100%        3
 Frozen Ramparts          Ice            0%         1d2       100%        3
 Ozocubu's Armour         Ice            0%         N/A       100%        3
 Summon Guardian Golem    Hex/Summ       0%         N/A       100%        3
 Hailstorm                Conj/Ice       0%         3d3       100%        4
 Summon Ice Beast         Ice/Summ       0%         N/A       100%        4
 Summon Lightning Spire   Summ/Air       0%         N/A       100%        4
 Metabolic Englaciation   Hex/Ice        0%         N/A       100%        5


Dungeon Overview and Level Annotations

Branches:
Dungeon (3/15)

Altars:

Shops:
D:2 *


Innate Abilities, Weirdness & Mutations

Your serpentine skin is tough. (AC +1)
You have supernaturally acute eyesight. (SInv)
Armour fits poorly on your strangely shaped body.
Your system is resistant to poisons. (rPois)
You cover ground very slowly.
You can spit poison.
You have a snake-like lower body.


Message History

Okay, then.
You bump into the rock wall.
The scorpion stings you but does no damage.
The orc barely misses you.
You bump into the rock wall.
The scorpion stings you but does no damage.
The orc hits you from afar with a +0 trident!
* * * LOW HITPOINT WARNING * * *
The scorpion stings you but does no damage.
You're too confused to move!
The orc hits you but does no damage. The scorpion stings you.
* * * LOW HITPOINT WARNING * * *
You are lethally poisoned!
The scorpion poisons you!
You feel less invigorated.
You feel less confused.
* * * LOW HITPOINT WARNING * * *
You feel very sick. You block the scorpion's attack.
It was a potion of flight.
You feel very buoyant.
You fly up into the air.
You feel sick. The scorpion stings you.
* * * LOW HITPOINT WARNING * * *
It was a potion of cancellation.
Your magical effects are unravelling.
You feel magically purged.
Your magical contamination has completely faded away.
You float gracefully downwards.
You flicker back into view.
* * * LOW HITPOINT WARNING * * *
You feel sick. You block the scorpion's attack.
You hit the scorpion.
The scorpion is heavily wounded.
* * * LOW HITPOINT WARNING * * *
You feel sick.
The scorpion stings you but does no damage. x2
You block the orc's attack.
You hit the scorpion.
The scorpion is heavily wounded.
You die... .).#.#. ..# #)# ...#. #.# #.# lb.

#.# #.# #S##.# #.#
#..bS# #.# #.##.#
##########.# ...
#.# #..........#
#.#.
#l#####.##########
#.#.##Sbs@...#
........o######
.........#
###########


You could see a scorpion, an iguana, an adder, an orc and a bat.

Vanquished Creatures
  Terence (D:2)
  5 adders
  A worm (D:2)
  A dart slug (D:2)
  3 ball pythons (D:2)
  10 bats
  5 endoplasms
  2 giant cockroaches (D:1)
  8 goblins
  3 hobgoblins
  5 jackals
  6 kobolds
  3 frilled lizards (D:1)
  9 rats
62 creatures vanquished.

Vanquished Creatures (others)
  7 demonic plants (D:2)
  6 fungi (D:2)
  6 plants
  2 withered plants (D:2)
21 creatures vanquished.

Grand Total: 83 creatures vanquished

Notes
Turn   | Place    | Note
-------+----------+-------------------------------------------
     0 | D:1      | 27snakeeyes612 the Naga Fighter began the quest for the
                  | Orb.
     0 | D:1      | Reached XP level 1. HP: 21/21 MP: 1/1
   141 | D:1      | Reached XP level 2. HP: 11/28 MP: 2/2
   840 | D:1      | Reached XP level 3. HP: 31/34 MP: 3/3
  1397 | D:2      | Found Xaskul's Assorted Antiques.
  1726 | D:2      | Noticed Terence
  1736 | D:2      | Killed Terence
  1737 | D:2      | Reached skill level 1 in Stealth
  1737 | D:2      | Reached XP level 4. HP: 27/42 MP: 4/4
  1838 | D:2      | Found a faded altar of an unknown god.
  2356 | D:2      | Reached XP level 5. HP: 48/49 MP: 5/5
  2669 | D:3      | HP: 2/49 [poisoned by a scorpion]
  2670 | D:3      | Succumbed to a scorpion's poison

Illustrated notes

Levels and vault maps discovered:
D:1:      psy_arrival_basics, layout_basic, serial_forest,
          infiniplex_forest_lined_2, infiniplex_forest_lined_corner,
          infiniplex_forest_clump_long, infiniplex_forest_lined_1,
          infiniplex_forest_clump_C
D:2:      layout_loops_ring, serial_shops, shop_fountains,
          shapermc_ecumenical_altar_gd, chequers_decorated_corner,
          minmay_fractal_squares_5, uniq_terence
D:3:      minmay_evil_eye, layout_loops_ring, minmay_diced_spiral

Skill      XL: |  1  2  3  4 |
---------------+-------------+-----
Armour         | 3 |  3.1
Stealth        | 1 |  1.0
Axes           | 3 |  3.5
Fighting       | |  3.5
Dodging        | |  0.1
Shields        | |  2.9

Action                   |  1- 3 |  4- 6 || total
-------------------------+-------+-------++-------
Melee: War axe           |   108 |    78 ||   186
  Use: Potion            |       |     4 ||     4
Armor: Scale mail        |    14 |       ||    14
       Chain mail        |    65 |    74 ||   139
Dodge: Dodged            |    21 |    12 ||    33
Block: Kite shield       |    71 |    44 ||   115

Table legend: (Time is in decaauts)
 A = Elapsed time spent in this place.
 B = Non-inter-level travel time spent in this place.
 C = Inter-level travel time spent in this place.
 D = Time resting spent in this place.
 E = Time spent auto-exploring this place.
 F = Levels seen in this place.
 G = Mean time per level.
                   A        B        C        D        E       F      G
               +--------+--------+--------+--------+--------+-----+--------+
         Total |   3395 |   3293 |    102 |    114 |   2618 |   3 | 1131.7 |
       Dungeon |   3395 |   3293 |    102 |    114 |   2618 |   3 | 1131.7 |
               +--------+--------+--------+--------+--------+-----+--------+

Top non-repeatable levels by time:
     D:1: 1726 daAuts
     D:2: 1348 daAuts
     D:3: 321 daAuts
